 Dungeon Crawl Stone Soup version 0.28-a0-1613-gdaab1c2f9b (console) character file.

Game seed: 15459703866518060423

2156 Melian the Fighter (level 9, -7/86 HPs)
             Began as a Minotaur Berserker on Jan 21, 2022.
             Was an Elder of Trog.
             Mangled by an orc knight (18 damage)
             ... in a bailey.
             The game lasted 00:24:09 (6365 turns).

Melian the Fighter (Minotaur Berserker)             Turns: 6365, Time: 00:24:09

Health: -7/86      AC:  9    Str: 26    XL:     9   Next: 10%
Magic:  8/8        EV: 12    Int:  8    God:    Trog [****..]
Gold:   267        SH:  0    Dex: 16    Spells: 8/8 levels left

rFire   . . .      SeeInvis .   G - +3 war axe
rCold   . . .      Faith    .   (no shield)
rNeg    . . .      Spirit   .   g - +0 ring mail of the Catfish {Int+4 Slay+2}
rPois   .          Reflect  .   i - +2 hat
rElec   .          Harm     .   v - +0 cloak
rCorr   +          Rampage  .   j - +0 pair of gloves
Will    .....                   (no boots)
Stlth   +.........              (no amulet)
HPRegen 0.24/turn               e - +6 ring of dexterity
MPRegen 0.11/turn               w - ring of resist corrosion

@: no status effects
A: horns 2, retaliatory headbutt
a: Renounce Religion, Berserk, Trog's Hand, Brothers in Arms


You were in a bailey.
You worshipped Trog.
Trog was greatly pleased with you.
You visited 2 branches of the dungeon, and saw 8 of its levels.
You also visited: Bailey.

You collected 377 gold pieces.
You spent 110 gold pieces at shops.

Inventory:

Hand Weapons
 o - a +3 vampiric hand axe
 G - a +3 war axe (weapon)
Missiles
 f - 69 sling bullets
 h - 35 bolts
 m - 5 javelins (quivered)
 y - 26 arrows
 A - 6 curare-tipped darts
 C - 3 poisoned darts
 D - 6 boomerangs
 F - 4 atropa-tipped darts
Armour
 a - a +0 chain mail
 g - the +0 ring mail of the Catfish (worn) {Int+4 Slay+2}
   (You found it on level 2 of the Dungeon)

   Int:       It affects your intelligence (+4).
   Slay:      It affects your accuracy & damage with ranged weapons and melee
   (+2).
 i - a +2 hat (worn)
 j - a +0 pair of gloves (worn)
 u - a +1 leather armour of cold resistance
 v - a +0 cloak (worn)
Jewellery
 e - a +6 ring of dexterity (left hand)
 w - a ring of resist corrosion (right hand)
Wands
 p - a wand of paralysis (8)
 B - a wand of mindburst (9)
Scrolls
 c - 2 scrolls of teleportation
 r - 3 scrolls of fear
 t - a scroll of blinking
 E - a scroll of amnesia {unknown}
Potions
 b - a potion of berserk rage
 d - 2 potions of cancellation
 k - a potion of flight
 l - a potion of attraction {unknown}
 n - a potion of haste
 q - a potion of invisibility
 s - 2 potions of magic {unknown}
 x - a potion of curing
 z - a potion of lignification


   Skills:
 + Level 10.7 Fighting
 + Level 10.7 Axes
 - Level 2.7 Armour
 - Level 2.4 Dodging


You had 8 spell levels left.
You didn't know any spells.
Your spell library was empty.

Dungeon Overview and Level Annotations

Branches:
Dungeon (7/15)             Temple (1/1) D:5          Bailey (1/1)

Altars:
Ashenzari
Cheibriados
Dithmenos
Elyvilon
Fedhas
Gozag
Hepliaklqana
Kikubaaqudgha
Makhleb
Nemelex Xobeh
Okawaru
Qazlal
Ru
Sif Muna
Trog
Wu Jian
Yredelemnul
The Shining One

Shops:
D:3 *   D:7 !


Innate Abilities, Weirdness & Mutations

You have a pair of horns on your head.
You reflexively headbutt those who attack you in melee.


Message History

You hit the orc knight.
The orc knight is lightly wounded.
You feel sick.
You hit the orc knight.
The orc knight is lightly wounded.
You feel sick.
You hit the orc knight but do no damage.
The orc knight is lightly wounded.
You feel sick.
You are no longer poisoned.
The orc knight hits you with a +0 broad axe!
The kobold brigand closely misses you.
You closely miss the orc knight.
The orc knight is lightly wounded.
You completely miss the kobold brigand. The orc knight barely misses you.
You completely miss the orc knight. You headbutt the orc knight!
The orc knight is moderately wounded.
You closely miss the kobold brigand. The orc knight barely misses you.
You furiously retaliate!
You headbutt the orc knight, but do no damage.
The kobold brigand hits you with a +0 war axe.
You closely miss the kobold brigand. You slash the orc knight!
The orc knight hits you with a +0 broad axe!!
You slice the orc knight!!
You headbutt the orc knight, but do no damage.
You punch the orc knight.
The orc knight is severely wounded.
You completely miss the kobold brigand.
The orc knight no longer looks unusually strong.
The orc knight roars a battlecry!
The orc knight goes into a battle-frenzy!
The kobold brigand hits you with a +0 war axe!
* * * LOW HITPOINT WARNING * * *
You feel better.
The orc knight roars a battlecry!
The orc knight goes into a battle-frenzy!
The orc knight hits you with a +0 broad axe!!
* * * LOW HITPOINT WARNING * * *
You feel better.
The orc knight hits you with a +0 broad axe!!
You die...

....≈≈.......≈≈..
.###≈≈.......≈≈###
...≈≈.......≈≈...
###≈≈.......≈≈###
...≈≈.......≈≈...
###≈≈.......≈≈##
##≈.......≈##
####'')####
##.....##
#∩....(∩#
#.@o8...#
##.K...## ###'###


#ooK# ...o... ........... ............... ..o............ #.............#
###.)(.(.($.### You could see an orc knight (strong), an orc warrior (strong)
and 2 kobold brigands.

Vanquished Creatures
  A shadow (D:7)
  Eustachio (D:4)
  A steam dragon (D:6)
  A water moccasin (D:7)
  An orc warrior (Bailey)
  An ogre (D:6)
  A necrophage (D:4)
  A centaur (D:7)
  A phantom (D:5)
  3 kobold brigands (Bailey)
  3 scorpions
  A water moccasin skeleton (D:6)
  3 wights (D:7)
  A howler monkey (D:4)
  4 hounds
  A jelly (D:5)
  2 orc priests (D:5)
  2 centaur skeletons (D:7)
  A bullfrog skeleton (D:5)
  3 iguanas
  An orc wizard (D:5)
  A hound skeleton (D:5)
  6 adders
  2 gnolls
  A howler monkey skeleton (D:7)
  A shadow imp (D:5)
  2 ufetubi
  An adder skeleton (D:4)
  7 dart slugs
  6 orcs
  6 ball pythons
  5 endoplasms
  2 giant cockroaches (D:2)
  8 goblins
  11 hobgoblins
  4 jackals (D:2)
  6 quokkas
  2 bats
  5 frilled lizards
  9 kobolds
  10 rats
129 creatures vanquished.

Vanquished Creatures (others)
  An ufetubus (D:7)
1 creature vanquished.

Grand Total: 130 creatures vanquished

Notes
Turn   | Place    | Note
-------+----------+-------------------------------------------
     0 | D:1      | Melian the Minotaur Berserker began the quest for the Orb.
     0 | D:1      | Reached XP level 1. HP: 19/19 MP: 0/0
   222 | D:1      | Reached XP level 2. HP: 26/27 MP: 1/1
   552 | D:1      | Reached ** piety under Trog
   714 | D:1      | Found a faded altar of an unknown god.
   722 | D:1      | Reached XP level 3. HP: 6/34 MP: 2/2
  1395 | D:2      | Identified the +0 ring mail of the Catfish {Int+4 Slay+2}
  1648 | D:2      | Reached XP level 4. HP: 37/41 MP: 3/3
  1877 | D:2      | Reached skill level 5 in Fighting
  1877 | D:2      | Reached skill level 5 in Axes
  2230 | D:3      | Reached *** piety under Trog
  2344 | D:3      | Found a bloodstained altar of Trog.
  2490 | D:3      | Found Jesot's General Store.
  2721 | D:3      | Found an ancient bone altar of Kikubaaqudgha.
  2721 | D:3      | Found an ornate altar of the Wu Jian Council.
  2722 | D:3      | Found a sparkling altar of Nemelex Xobeh.
  2762 | D:4      | Reached XP level 5. HP: 48/48 MP: 4/4
  2861 | D:4      | Noticed a necrophage
  2865 | D:4      | Killed a necrophage
  3064 | D:4      | Reached XP level 6. HP: 58/58 MP: 5/5
  3447 | D:5      | Entered Level 5 of the Dungeon
  3447 | D:5      | Noticed Eustachio
  3456 | D:4      | Killed Eustachio
  3533 | D:5      | Reached XP level 7. HP: 66/66 MP: 6/6
  3616 | D:5      | Found a staircase to the Ecumenical Temple.
  3976 | D:5      | Found a hazy altar of Hepliaklqana.
  4437 | D:5      | You fall into a shaft and drop 1 floor!
  4686 | Temple   | Entered the Ecumenical Temple
  5027 | D:6      | Noticed a steam dragon
  5039 | D:6      | Killed a steam dragon
  5040 | D:6      | Reached XP level 8. HP: 62/77 MP: 7/7
  5271 | D:6      | Found a snail-covered altar of Cheibriados.
  5676 | D:7      | Found a burning altar of Makhleb.
  5678 | D:7      | Found a shimmering blue altar of Sif Muna.
  5824 | D:7      | Found Umakk's Distillery.
  5829 | D:7      | Bought a potion of cancellation for 80 gold pieces
  5829 | D:7      | Bought a potion of curing for 30 gold pieces
  5838 | D:7      | Found a blossoming altar of Fedhas.
  5854 | D:7      | Reached skill level 10 in Fighting
  5854 | D:7      | Reached skill level 10 in Axes
  6224 | D:7      | Found a flagged portal.
  6226 | D:7      | Reached **** piety under Trog
  6235 | Bailey   | Entered a bailey
  6262 | Bailey   | Reached XP level 9. HP: 64/86 MP: 8/8
  6349 | Bailey   | Noticed an orc knight
  6350 | Bailey   | Noticed an orc knight
  6363 | Bailey   | HP: 3/86 [orc knight (24)]
  6365 | Bailey   | Mangled by an orc knight

Illustrated notes

Levels and vault maps discovered:
D:1:      minmay_arrival_checkered_box, layout_loops_ring,
          ebering_ecumenical_altar_box
D:2:      layout_basic
D:3:      layout_loops_ring, gammafunk_temple_overflow_forgotten,
          mainiacjoe_overflow_24_doors, serial_shops, nicolae_shop_stone,
          minmay_vboxes
D:4:      layout_loops_ring
D:5:      layout_basic, nicolae_hepliaklqana_hippocampus,
          minmay_temple_entry_hall, roderic_serpentine_path, uniq_eustachio
D:6:      layout_basic, kennysheep_slug_shrine
D:7:      layout_basic, nicolae_overflow_hidden_temple,
          nicolae_sif_muna_little_library, fedhas_altar_2, serial_shops, shop,
          enter_bailey_3, lemuel_flamethrower_2
Temple:   dpeg_three_leaves_temple
Bailey:   bailey_axe_3, bailey

Skill      XL: |  1  2  3  4  5  6  7  8 |
---------------+-------------------------+-----
Fighting       | 4 5 6 7 8 10 | 10.7
Axes           | 4 5 6 7 8 10 | 10.7
Armour         | |  2.7
Dodging        | |  2.4

Action                   |  1- 3 |  4- 6 |  7- 9 || total
-------------------------+-------+-------+-------++-------
Melee: Hand axe          |    75 |   110 |   127 ||   312
       Headbutt          |    10 |    14 |    36 ||    60
       Punch             |     1 |     3 |     4 ||     8
       War axe           |       |       |     8 ||     8
Invok: Berserk           |       |     2 |     1 ||     3
  Use: Scroll            |       |     7 |    10 ||    17
       Potion            |       |       |     2 ||     2
 Stab: Sleeping          |     2 |       |       ||     2
Armor: Animal skin       |     4 |       |       ||     4
       Ring mail         |     4 |    36 |    43 ||    83
Dodge: Dodged            |    26 |    58 |    67 ||   151

Table legend: (Time is in decaauts)
 A = Elapsed time spent in this place.
 B = Non-inter-level travel time spent in this place.
 C = Inter-level travel time spent in this place.
 D = Time resting spent in this place.
 E = Time spent auto-exploring this place.
 F = Levels seen in this place.
 G = Mean time per level.
                   A        B        C        D        E       F      G
               +--------+--------+--------+--------+--------+-----+--------+
         Total |   6393 |   6084 |    309 |      0 |   4663 |   9 |  710.3 |
       Dungeon |   6178 |   5883 |    295 |      0 |   4575 |   7 |  882.6 |
        Temple |     83 |     69 |     14 |      0 |     54 |   1 |   83.0 |
        Bailey |    130 |    130 |      0 |      0 |     34 |   1 |  130.0 |
               +--------+--------+--------+--------+--------+-----+--------+

Top non-repeatable levels by time:
     D:1: 1390 daAuts
     D:5: 1147 daAuts
     D:6: 830 daAuts
     D:4: 786 daAuts
     D:2: 694 daAuts
     D:3: 666 daAuts
     D:7: 662 daAuts
  Bailey: 130 daAuts
  Temple: 83 daAuts
